 Dungeon Crawl Stone Soup version 0.22-a0-605-g9281fa2 (webtiles) character file.

508 sking99 the Insei (level 6, -5/52 HPs)
             Began as a Draconian Transmuter on July 8, 2018.
             Slain by a centaur
             ... wielding a +0 quarterstaff
              (10 damage)
             ... on level 5 of the Dungeon.
             The game lasted 00:07:36 (5286 turns).

sking99 the Insei (Draconian Transmuter)            Turns: 5286, Time: 00:07:37

Health: -5/52      AC:  7    Str: 13    XL:     6   Next: 98%
Magic:  8/9        EV: 12    Int: 13    God:
Gold:   321        SH:  0    Dex: 13    Spells: 6/9 levels left

rFire    . . .     SeeInvis .     - Unarmed
rCold    . . .     Gourm    .   (no shield)
rNeg     . . .     Faith    .   (armour unavailable)
rPois    .         Spirit   .   (helmet restricted)
rElec    .         Reflect  .   g - +0 cloak
rCorr    .         Harm     .   (no gloves)
MR       .....                  (boots currently unavailable)
Stlth    +.........             (no amulet)
HPRegen  0.17/turn              (no ring)
MPRegen  0.11/turn              (no ring)

@: appendage (expiring), very slightly contaminated, invisible
A: unfitting armour, talons 3, cold-blooded, AC +6
a: End Transformation


You were on level 5 of the Dungeon.
You were not hungry.
You had grown temporary talons.
You visited 1 branch of the dungeon, and saw 5 of its levels.

You collected 321 gold pieces.

Inventory:

Missiles
 a - 5 arrows
Armour
 g - a +0 cloak (worn)
Jewellery
 r - a +3 ring of dexterity {unknown}
Wands
 o - a wand of digging (10)
Scrolls
 b - a scroll of immolation {unknown}
 d - a scroll of identify
 i - a scroll of blinking
 m - 5 scrolls of teleportation
 q - a scroll of amnesia
Potions
 f - a potion of lignification
 h - a potion of magic
 j - 2 potions of brilliance {unknown}
 k - a potion of flight {unknown}
 l - a potion of might {unknown}
 n - 3 potions of heal wounds {unknown}
Comestibles
 c - 10 rations
 p - 3 chunks of flesh


   Skills:
 + Level 4.1 Fighting
 - Level 1.7 Dodging
 * Level 6.1 Unarmed Combat
 - Level 2.0 Spellcasting
 + Level 3.7 Transmutations


You had 6 spell levels left.
You knew the following spells:

 Your Spells              Type           Power        Failure   Level  Hunger
a - Beastly Appendage     Tmut           ##....       5%          1    ##.....
b - Sticks to Snakes      Tmut           ##......     9%          2    ###....

Your spell library contained the following spells:

 Spells                   Type           Power        Failure   Level  Hunger
 Spider Form              Tmut/Pois      #.........   34%         3    ####...
 Blade Hands              Tmut           ##........   83%         5    ######.
 Ice Form                 Ice/Tmut       #.......     75%         4    #####..


Dungeon Overview and Level Annotations

Branches:
Dungeon (5/15)
 Temple: D:4-7

Altars:
Trog
Uskayaw
Zin

Annotations:
D:4 1 runed door, Hebeh's ghost, amateur MiFi


Innate Abilities, Weirdness & Mutations

Your plain brown scales are hard. (AC +6)
You cannot fit into any form of body armour.
You are cold-blooded and may be slowed by cold attacks.
You have claws for feet.


Message History

The centaur hits you with an uncursed quarterstaff!
* * * LOW HITPOINT WARNING * * *
You barely miss the centaur.
The centaur hits you with an uncursed quarterstaff.
* * * LOW HITPOINT WARNING * * *
You fade into invisibility!
The centaur closely misses you.
You are very lightly contaminated with residual magic.
You see here a glaive.
The centaur unwields an uncursed quarterstaff.
The centaur wields a shortbow.
The centaur shoots an arrow.
The centaur shoots an arrow.
The centaur shoots an arrow.
Found 6 gold pieces.
Found a scroll of identify.
Your transformation is almost over.
The centaur unwields an uncursed shortbow.
The centaur wields an uncursed quarterstaff.
The centaur hits you with an uncursed quarterstaff!
You die...

#..## .... .. #.#.###.
#.## ####.>#####
#.###.#.. #.# #.>......
..# ##..# #.# #.......#
### #.#..
#.###########.......###
#.###.
#.....................
... #.
#############.......####
##. #.
#######(.....<.... .. #.
#(.(($.?..@...### #. ##
#c######.c........ #>
#.# #.8.......8
###)######..........
#..(.(.....8.......8
......#######....!.%...
..###(# ..8..._...8 #.
#.?...###... #. #..#....
..


You could see a centaur.

Vanquished Creatures
  A sky beast (D:5)
  A scorpion (D:4)
  A crimson imp (D:3)
  2 hounds (D:4)
  2 iguanas (D:5)
  3 orc wizards
  A worker ant (D:5)
  2 gnolls (D:3)
  2 adders
  2 worms
  A dart slug (D:1)
  A leopard gecko (D:1)
  8 orcs
  4 giant cockroaches
  7 hobgoblins
  4 jackals (D:3)
  6 kobolds
  A ball python (D:2)
  12 bats
  4 frilled lizards
  6 goblins
  7 rats
78 creatures vanquished.

Vanquished Creatures (collateral kills)
  A gnoll (D:3)
1 creature vanquished.

Grand Total: 79 creatures vanquished

Notes
Turn   | Place    | Note
-------+----------+-------------------------------------------
     0 | D:1      | sking99 the Draconian Transmuter began the quest for the Orb.
     0 | D:1      | Reached XP level 1. HP: 16/16 MP: 3/3
   129 | D:1      | Reached XP level 2. HP: 1/23 MP: 5/5
   695 | D:1      | Reached XP level 3. HP: 27/29 MP: 6/6
   703 | D:1      | Learned a level 2 spell: Sticks to Snakes
   873 | D:2      | Reached skill level 4 in Unarmed Combat
  1015 | D:2      | Found a bloodstained altar of Trog.
  1607 | D:3      | Found a glowing silver altar of Zin.
  1608 | D:3      | Noticed an angel
  1672 | D:3      | Reached XP level 4. HP: 23/37 MP: 7/7
  2682 | D:3      | Reached XP level 5. HP: 30/44 MP: 4/8
  2956 | D:4      | Reached skill level 5 in Unarmed Combat
  3424 | D:4      | Found a runed door.
  3490 | D:4      | Reached XP level 6. HP: 6/51 MP: 9/9
  3832 | D:4      | Noticed Hebeh's ghost (amateur MiFi)
  4481 | D:5      | Entered Level 5 of the Dungeon
  5129 | D:5      | Noticed a sky beast
  5144 | D:5      | Killed a sky beast
  5144 | D:5      | Reached skill level 6 in Unarmed Combat
  5259 | D:5      | Found a hide-covered altar of Uskayaw.
  5273 | D:5      | HP: 2/52 [centaur/uncursed quarterstaff (4)]
  5286 | D:5      | Slain by a centaur

Vault maps used:
D:1:      evilmike_arrival_crescent
D:2:      lemuel_doored_altar
D:3:      zin_angel
D:4:      hellmonk_ghost_happy_afterlife
D:5:      eat_drink_and_be_merry_uskayaw, first_ration, serial_bayou_lake_a

Skill      XL: |  1  2  3  4  5  6 |
---------------+-------------------+-----
Fighting       | 2 3 4 |  4.1
Unarmed Combat | 4 5 6 |  6.1
Transmutations | 3 |  3.7
Dodging        | |  1.7
Spellcasting   | |  2.0

Action                   |  1- 3 |  4- 6 || total
-------------------------+-------+-------++-------
Melee: Unarmed           |   136 |   223 ||   359
       Tailslap          |    10 |    24 ||    34
       Punch             |     3 |     4 ||     7
       Kick              |       |     2 ||     2
       Headbutt          |       |     6 ||     6
 Cast: Sticks to Snakes  |       |     7 ||     7
       Beastly Appendage |       |     6 ||     6
  Use: Potion            |     1 |     1 ||     2
       Scroll            |       |    11 ||    11
 Stab: Sleeping          |     2 |     1 ||     3
  Eat: Chunk             |     2 |     9 ||    11
       Ration            |       |     1 ||     1
Armor: Skin              |    52 |    65 ||   117
Dodge: Dodged            |   107 |   110 ||   217

Table legend:
 A = Spawn XP
 B = Non-spawn XP
 C = Spawn XP percentage of total XP
 D = Spawn monster count
 E = Non-spawn monster count
 F = Spawn count percentage of total count
 G = Total turns spent on level
                    A         B        C        D         E        F      G
               +---------+---------+-------+---------+---------+-------+---------
         Total |       0 |     726 |   0.0 |       0 |      79 |   0.0 |  5286
               +---------+---------+-------+---------+---------+-------+---------
           D:1 |       0 |      47 |   0.0 |       0 |      26 |   0.0 |   866
           D:2 |       0 |      34 |   0.0 |       0 |      14 |   0.0 |   716
           D:3 |       0 |     121 |   0.0 |       0 |      19 |   0.0 |  1788
           D:4 |       0 |     253 |   0.0 |       0 |      10 |   0.0 |  1304
           D:5 |       0 |     271 |   0.0 |       0 |      10 |   0.0 |   612
               +---------+---------+-------+---------+---------+-------+---------
